Map: [ESL] Goldenaura

Players

trigger

  • Race: Protoss Protoss
  • League: Master
  • Spawn Location: 12:00

DieMauer (ShoWTimE) - Winner!

  • Race: Protoss Protoss
  • League: Grandmaster
  • Spawn Location: 5:00

Event: Bellum Gens Elite Stara Zagora 2024

VOD

Have the link to the VOD?

Description

Time

  • Played on: Sept. 6, 2024, 6:42 a.m.
  • Length: 21:56

All games in this series

Show
View Real Time Build Order
Export as new Build Order

trigger Protoss 

Build Orders: Zealot Archon 

Get SALT Encoding   

  12  0:00  Probe  
  13  0:12  Probe  
  14  0:17  Pylon  
  14  0:24  Probe (Chrono Boost)  
  16  0:36  Probe (Chrono Boost)  
  16  0:37  Gateway  
  16  0:43  Probe (Chrono Boost)  
  16  0:46  Assimilator  
  17  0:51  Probe  
  17  0:54  Assimilator  
  18  1:03  Probe (Chrono Boost)  
  19  1:08  Gateway  
  19  1:13  Probe (Chrono Boost)  
  19  1:18  Probe (Chrono Boost)  
  20  1:24  Cybernetics Core  
  21  1:29  Probe  
  22  1:35  Pylon  
  22  1:41  Probe  
  23  1:53  Probe  
  24  2:00  Warp Gate (Chrono Boost)  
  24  2:02  Stalker x2  
  28  2:11  Pylon  
  28  2:25  Pylon  
  28  2:32  Stalker  
  28  2:34  Stalker  
  32  2:48  Gateway  
  32  2:51  Pylon  
  32  3:02  Stalker  
  32  3:04  Stalker  
  36  3:28  Nexus  
  36  3:32  Probe  
  37  3:44  Probe  
  38  3:55  Twilight Council  
  38  3:56  Probe (Chrono Boost)  
  39  4:05  Probe (Chrono Boost)  
  39  4:07  Sentry x2  
  39  4:08  Sentry  
  46  4:10  Probe (Chrono Boost)  
  46  4:13  Pylon  
  47  4:26  Blink (Chrono Boost)  
  47  4:32  Phoenix, Probe  
  48  4:44  Stalker x2, Probe  
  53  4:47  Probe  
  54  4:56  Probe  
  54  4:59  Probe  
  56  5:08  Probe  
  56  5:11  Probe  
  58  5:15  Shield Battery  
  58  5:20  Probe  
  59  5:23  Probe  
  60  5:32  Probe  
  60  5:35  Probe  
  62  5:36  Forge  
  62  5:38  Nexus  
  62  5:40  Pylon  
  62  5:44  Probe  
  62  5:47  Phoenix  
  63  5:50  Pylon  
  63  5:56  Pylon  
  63  5:58  Charge, Probe x2  
  63  6:00  Shield Battery  
  63  6:02  Protoss Ground Weapons Level 1 (Chrono Boost)  
  65  6:10  Probe x2  
  67  6:11  Assimilator  
  67  6:16  Assimilator  
  67  6:18  Gateway  
  67  6:20  Templar Archives  
  67  6:22  Probe x2  
  69  6:28  Pylon  
  69  6:34  Probe x2, Phoenix  
  69  6:38  Gateway  
  71  6:40  Gateway  
  71  6:43  Zealot  
  71  6:46  Zealot, Probe x2  
  77  6:49  Zealot  
  77  6:50  Probe  
  80  6:57  Robotics Facility  
  80  6:58  Probe x2  
  82  7:02  Probe (Chrono Boost)  
  82  7:06  High Templar x2  
  87  7:10  Archon  
  87  7:14  Probe (Chrono Boost)  
  87  7:15  Probe x2 (Chrono Boost)  
  90  7:17  High Templar  
  90  7:20  Pylon, High Templar  
  94  7:28  Probe  
  93  7:34  Archon  
  93  7:36  Stalker x2  
  93  7:39  Stalker x2, Shield Battery  
  87  7:48  Immortal (Chrono Boost)  
  87  7:49  Probe  
  87  7:51  Zealot  
  86  7:54  Zealot  
  86  7:55  Probe (Chrono Boost)  
  75  8:07  Probe (Chrono Boost)  
  75  8:08  Probe (Chrono Boost)  
  75  8:09  Zealot x4  
  75  8:12  Probe (Chrono Boost)  
  81  8:18  Probe (Chrono Boost)  
  81  8:19  Protoss Ground Weapons Level 2 (Chrono Boost)  
  76  8:20  Probe (Chrono Boost)  
  76  8:24  Probe (Chrono Boost)  
  78  8:30  Assimilator  
  78  8:31  Observer (Chrono Boost), Probe x2 (Chrono Boost)  
  78  8:32  Assimilator  
  83  8:41  Probe (Chrono Boost)  
  83  8:43  Probe (Chrono Boost)  
  83  8:44  High Templar x2, Probe (Chrono Boost)  
  83  8:45  Zealot x4  
  83  8:47  Probe (Chrono Boost)  
  83  8:48  Archon  
  97  8:49  Probe  
  98  8:56  Immortal (Chrono Boost)  
  102  9:07  Pylon  
  102  9:10  Nexus  
  102  9:14  Zealot x2  
  102  9:16  Sentry  
  104  9:21  Zealot x2  
  104  9:22  Zealot  
  110  9:25  Shield Battery  
  110  9:29  Immortal (Chrono Boost)  
  112  9:39  Probe x2  
  112  9:40  Probe  
  112  9:44  High Templar x4  
  123  9:49  Archon x2  
  123  9:51  Probe x2  
  125  9:54  Phoenix  
  125  9:55  Pylon  
  125  9:57  Pylon  
  125  10:03  Gateway  
  125  10:07  Photon Cannon  
  125  10:08  Gateway  
  125  10:11  Immortal (Chrono Boost)  
  125  10:13  Pylon, Probe x2  
  131  10:15  Probe  
  132  10:22  Stalker  
  132  10:23  Stalker x2  
  132  10:25  Stalker, Probe  
  141  10:29  Stalker x2  
  141  10:33  Probe x3  
  148  10:46  High Templar x2, Immortal  
  148  10:47  Zealot  
  148  10:49  Zealot  
  158  10:52  Archon  
  158  10:53  Zealot x2, Pylon  
  158  10:56  Protoss Ground Weapons Level 3 (Chrono Boost)  
  162  10:57  Shield Battery  
  162  10:58  Shield Battery  
  162  11:03  Zealot  
  164  11:12  Observer  
  164  11:13  Zealot x2, Pylon, High Templar x2  
  164  11:16  Pylon  
  164  11:17  Archon  
  172  11:24  Pylon  
  172  11:26  Assimilator  
  172  11:27  Robotics Bay, Pylon  
  172  11:30  Assimilator  
  172  11:33  Zealot x4  
  172  11:34  Zealot x2  
  172  11:37  Immortal (Chrono Boost)  
  188  11:47  Zealot x2  
  190  11:52  Probe  
  190  11:53  Zealot x4  
  194  11:55  Zealot x2  
  195  12:06  Immortal (Chrono Boost), Photon Cannon  
  195  12:07  Photon Cannon  
  197  12:12  High Templar x2  
  200  12:19  Archon  
  200  12:29  Gravitic Boosters, Nexus  
  200  12:30  Dark Shrine  
  200  12:31  Pylon  
  200  12:35  Pylon  
  190  12:40  Zealot x6  
  159  12:48  Probe  
  150  12:52  Zealot  
  150  12:53  Zealot  
  150  12:55  Probe x2  
  150  12:56  Disruptor (Chrono Boost), Probe  
  155  13:00  Probe  
  155  13:03  Photon Cannon  
  160  13:06  Robotics Facility  
  160  13:07  Probe  
  160  13:08  Probe x2  
  161  13:12  Probe  
  161  13:14  Shield Battery  
  161  13:16  High Templar, Photon Cannon  
  161  13:17  High Templar x4  
  161  13:18  Photon Cannon  
  161  13:19  Photon Cannon  
  170  13:21  Pylon  
  170  13:22  Warp Prism (Chrono Boost)  
  170  13:24  Archon  
  170  13:25  Archon, Protoss Shields Level 1 (Chrono Boost)  
  170  13:26  High Templar  
  174  13:40  Zealot x2  
  178  13:47  Archon  
  178  13:48  Gateway  
  178  13:50  Gateway  
  178  13:53  Disruptor  
  178  13:55  Disruptor  
  186  13:57  Zealot x5  
  186  13:59  Shadow Stride (Chrono Boost)  
  186  14:00  Assimilator  
  186  14:01  Assimilator  
  196  14:03  Probe x4  
  187  14:17  Zealot x7  
  187  14:18  Zealot  
  149  14:31  Immortal  
  145  14:39  Zealot x8  
  143  14:46  Observer  
  143  14:51  Probe  
  143  14:52  Probe  
  144  14:53  Probe  
  144  14:59  Stalker  
  147  15:00  Stalker x6  
  147  15:03  Stalker  
  159  15:25  Zealot x8  
  159  15:30  Zealot x2  
  159  15:31  Disruptor (Chrono Boost)  
  161  15:37  Disruptor (Chrono Boost)  
  160  15:49  Dark Templar x5  
  166  15:52  Protoss Shields Level 2 (Chrono Boost)  
  164  15:57  Nexus  
  164  15:59  Dark Templar  
  164  16:02  Disruptor (Chrono Boost)  
  171  16:05  Observer (Chrono Boost)  
  171  16:10  Stalker x2  
  175  16:14  Disruptor (Chrono Boost)  
  179  16:19  Pylon  
  177  16:37  Disruptor  
  171  16:45  Zealot x2  
  171  16:46  Zealot x3  
  181  16:52  Observer  
  128  17:02  Shield Battery  
  128  17:03  Photon Cannon  
  128  17:05  Photon Cannon  
  128  17:06  Photon Cannon  
  128  17:07  Stalker x8  
  140  17:09  High Templar x2, Photon Cannon  
  140  17:10  Disruptor (Chrono Boost)  
  140  17:14  Archon  
  146  17:15  Disruptor (Chrono Boost)  
  150  17:32  Stalker  
  150  17:34  Dark Templar x7  
  166  17:43  Disruptor (Chrono Boost)  
  170  17:44  Stalker x2  
  170  17:47  Observer (Chrono Boost)  
  175  17:56  Dark Templar  
  176  18:00  Pylon  
  176  18:01  Pylon  
  174  18:08  Dark Templar  
  174  18:09  Dark Templar x2  
  174  18:11  Dark Templar  
  174  18:12  Dark Templar x2  
  162  18:13  Probe (Chrono Boost)  
  162  18:18  Probe x2 (Chrono Boost)  
  162  18:19  Probe x2 (Chrono Boost)  
  142  18:22  Probe (Chrono Boost)  
  142  18:26  Probe x4 (Chrono Boost)  
  142  18:27  Probe (Chrono Boost)  
  142  18:29  Photon Cannon  
  142  18:32  Dark Templar x3  
  142  18:33  Photon Cannon  
  147  18:36  Observer  
  147  18:37  Probe  
  154  18:42  Assimilator  
  154  18:44  Assimilator, Zealot x7  
  143  19:05  Zealot x7  
  143  19:06  Zealot x3  
  157  19:11  Disruptor (Chrono Boost)  
  142  19:28  High Templar x4  
  142  19:29  Zealot x5  
  142  19:30  Observer  
  154  19:33  Archon x2  
  154  19:39  Zealot  
  154  19:44  Disruptor (Chrono Boost)  
  149  19:50  Zealot x3  
  149  19:51  Zealot  
  124  20:13  Disruptor  
  105  20:25  Observer  
  97  20:31  Pylon  
  97  20:39  Dark Templar  
  97  20:40  Dark Templar x3  
  104  20:46  Archon x2  
  44  21:31  Stalker  
  46  21:33  Stalker  
Show
View Real Time Build Order
Export as new Build Order

DieMauer Protoss - Winner!

Build Orders: Phoenix Opening 

Get SALT Encoding   

  12  0:00  Probe  
  13  0:12  Probe  
  14  0:17  Pylon  
  14  0:24  Probe (Chrono Boost)  
  15  0:36  Probe (Chrono Boost)  
  15  0:37  Gateway  
  16  0:44  Probe (Chrono Boost)  
  16  0:46  Assimilator  
  17  0:50  Probe  
  18  1:03  Probe (Chrono Boost)  
  19  1:04  Assimilator  
  19  1:09  Gateway  
  19  1:13  Probe (Chrono Boost)  
  19  1:18  Probe (Chrono Boost)  
  20  1:25  Cybernetics Core  
  21  1:29  Probe  
  22  1:36  Pylon  
  22  1:41  Probe  
  23  1:54  Probe  
  23  2:01  Stalker, Warp Gate  
  26  2:07  Probe  
  29  2:11  Sentry  
  29  2:16  Pylon  
  29  2:27  Pylon  
  29  2:30  Sentry  
  31  2:37  Sentry  
  31  2:42  Phoenix  
  33  2:46  Nexus  
  33  2:47  Probe  
  34  2:54  Shield Battery  
  34  3:00  Probe  
  35  3:07  Twilight Council  
  35  3:12  Probe  
  36  3:16  Stalker  
  38  3:23  Pylon  
  38  3:26  Probe  
  39  3:34  Robotics Facility  
  39  3:39  Shield Battery  
  39  3:41  Probe  
  40  3:50  Stalker  
  40  3:54  Stalker  
  44  3:56  Probe  
  44  4:00  Probe  
  46  4:08  Probe (Chrono Boost)  
  47  4:12  Probe (Chrono Boost)  
  48  4:21  Observer (Chrono Boost)  
  48  4:24  Stalker x2, Probe (Chrono Boost)  
  51  4:26  Probe (Chrono Boost)  
  51  4:30  Probe (Chrono Boost)  
  56  4:33  Pylon, Probe (Chrono Boost)  
  56  4:38  Probe  
  57  4:39  Immortal (Chrono Boost)  
  62  4:48  Pylon  
  62  4:51  Probe  
  63  4:52  Assimilator  
  63  4:57  Pylon  
  63  5:00  Stalker x2  
  63  5:02  Observer, Probe  
  63  5:04  Probe  
  69  5:10  Warp Prism (Chrono Boost)  
  71  5:25  Twilight Council, Pylon  
  71  5:35  Nexus  
  71  5:39  Probe x2  
  73  5:45  Immortal (Chrono Boost)  
  77  5:51  Phoenix  
  77  5:52  Probe x2  
  79  6:01  Shield Battery  
  79  6:02  Blink (Chrono Boost)  
  79  6:03  Pylon  
  79  6:04  Probe x2  
  81  6:16  Forge  
  81  6:18  Gateway, Probe x2  
  83  6:30  Gateway x2, Observer, Probe  
  83  6:32  Probe  
  86  6:41  Gateway  
  86  6:42  Sentry  
  86  6:43  Stalker  
  86  6:44  Probe  
  86  6:45  Probe  
  92  6:49  Protoss Ground Weapons Level 1 (Chrono Boost)  
  92  6:50  Probe  
  93  6:56  Probe  
  93  6:57  Pylon  
  94  7:01  Gateway  
  94  7:02  Probe  
  94  7:03  Probe  
  96  7:11  Stalker x3  
  102  7:17  Pylon  
  102  7:18  Probe x3  
  105  7:35  Stalker x6  
  99  7:47  Immortal  
  87  8:03  Stalker x6  
  95  8:06  Probe  
  82  8:23  Shield Battery  
  82  8:26  Stalker x3  
  88  8:27  Gateway, Zealot x3  
  88  8:28  Gateway  
  88  8:32  Charge (Chrono Boost)  
  92  8:37  Assimilator  
  92  8:45  Protoss Ground Weapons Level 2 (Chrono Boost), Pylon  
  92  8:48  Zealot  
  92  8:49  Zealot x4  
  92  8:54  Nexus  
  92  8:55  Pylon  
  101  9:13  Zealot x3  
  101  9:14  Zealot x4  
  115  9:17  Gateway  
  115  9:21  Templar Archives  
  115  9:28  Shield Battery  
  115  9:33  Pylon  
  112  9:39  Zealot x6  
  124  9:46  Photon Cannon  
  124  9:48  Probe x3  
  127  9:59  High Templar  
  129  10:00  Zealot x2, Probe x2, Pylon, High Templar  
  129  10:04  Archon  
  137  10:07  Zealot x2  
  137  10:09  Probe x2  
  143  10:15  Photon Cannon  
  143  10:17  Pylon, High Templar x2  
  143  10:20  Warp Prism (Chrono Boost)  
  147  10:22  Archon  
  149  10:28  Zealot  
  149  10:29  Zealot x2  
  155  10:42  Zealot  
  155  10:43  Zealot x3  
  155  10:48  Protoss Ground Weapons Level 3 (Chrono Boost), Observer (Chrono Boost)  
  155  10:49  High Templar x2  
  168  10:50  Zealot x4  
  168  10:56  Archon, Pylon  
  176  10:58  Pylon  
  176  11:06  Pylon  
  176  11:07  Zealot x4  
  184  11:14  Zealot x2  
  184  11:15  Pylon  
  184  11:18  Assimilator  
  188  11:19  Assimilator  
  188  11:21  Robotics Bay  
  188  11:23  Nexus  
  188  11:31  Zealot x2, Photon Cannon  
  188  11:32  Shield Battery  
  192  11:44  Robotics Facility  
  192  11:47  Pylon  
  192  11:50  Zealot x4  
  200  12:00  Photon Cannon  
  192  12:02  Pylon  
  192  12:07  Disruptor (Chrono Boost)  
  188  12:13  Photon Cannon  
  188  12:14  Shield Battery  
  192  12:16  Pylon, High Templar x2  
  192  12:17  Pylon  
  192  12:20  Archon  
  196  12:28  Disruptor (Chrono Boost)  
  191  12:37  Zealot x2  
  191  12:38  Zealot x5  
  191  12:40  Zealot  
  168  12:45  Disruptor (Chrono Boost)  
  152  12:56  Zealot x2  
  152  12:57  Probe  
  152  12:58  Probe x3  
  154  13:03  Zealot x8  
  172  13:07  Disruptor (Chrono Boost)  
  172  13:10  Protoss Shields Level 1 (Chrono Boost)  
  170  13:15  Photon Cannon  
  170  13:17  Dark Shrine  
  170  13:20  Gravitic Boosters, Photon Cannon  
  170  13:21  Disruptor (Chrono Boost)  
  170  13:23  Pylon  
  170  13:29  Observer (Chrono Boost)  
  170  13:30  High Templar x2  
  170  13:31  Zealot x4  
  183  13:37  Archon  
  183  13:40  Stalker x3  
  189  13:43  Zealot  
  189  13:48  Nexus  
  187  13:57  Stalker x4  
  187  14:00  Pylon  
  187  14:02  Observer  
  196  14:05  Stalker x2  
  162  14:17  Zealot x4  
  138  14:29  Zealot  
  138  14:30  Zealot x5  
  134  14:37  Disruptor (Chrono Boost)  
  134  14:38  Disruptor (Chrono Boost)  
  114  14:47  Zealot x4  
  122  14:53  Zealot x2, High Templar x2  
  122  14:54  Zealot x2  
  122  14:57  Probe x2  
  122  14:59  Probe x2  
  138  15:00  Archon, Photon Cannon  
  138  15:05  Disruptor  
  142  15:10  Zealot x4  
  150  15:15  Zealot x4  
  150  15:17  Disruptor  
  144  15:29  Zealot x2  
  144  15:35  Zealot x4  
  150  15:42  Zealot x4  
  156  15:49  Observer  
  157  15:50  Shadow Stride (Chrono Boost)  
  157  15:57  Dark Templar x4  
  157  16:03  Observer  
  166  16:08  Nexus  
  166  16:11  Photon Cannon  
  166  16:12  Shield Battery  
  166  16:14  Dark Templar  
  168  16:19  Photon Cannon  
  160  16:26  Zealot x5  
  160  16:28  Probe x2  
  168  16:34  Probe x2  
  168  16:40  Probe  
  168  16:42  Zealot x4  
  177  16:47  Zealot  
  160  16:55  Zealot x4  
  160  17:01  Zealot  
  168  17:11  Nexus  
  168  17:12  Observer  
  169  17:25  Photon Cannon  
  169  17:35  Dark Templar x5  
  179  17:44  Zealot x2  
  179  17:45  Zealot x3  
  179  17:46  Observer  
  183  18:06  Dark Templar  
  183  18:07  Zealot x4  
  176  18:12  Zealot x3  
  176  18:13  Zealot x2  
  176  18:14  Probe  
  176  18:16  Probe  
  176  18:18  Probe  
  183  18:27  Zealot x2, Probe x2 (Chrono Boost)  
  170  18:30  Probe x2 (Chrono Boost)  
  177  18:34  Probe (Chrono Boost)  
  177  18:39  Probe x2 (Chrono Boost), Dark Templar x2  
  185  18:41  Probe (Chrono Boost)  
  185  18:43  Probe (Chrono Boost)  
  185  18:44  Probe x2 (Chrono Boost)  
  185  18:45  Probe (Chrono Boost)  
  185  18:46  Probe (Chrono Boost)  
  187  18:48  Zealot x2  
  187  18:51  Probe  
  187  18:53  Probe x2  
  187  18:54  Probe  
  181  18:56  Stalker x2  
  181  19:02  Observer  
  177  19:08  Stalker x2  
  169  19:20  Stalker, Nexus  
  169  19:21  Zealot x2  
  169  19:22  Pylon  
  170  19:42  Stalker x2  
  170  19:43  Zealot x4  
  156  20:07  Stalker x2  
  156  20:08  Zealot x3  
  154  20:34  Zealot x2  
  113  21:22  Zealot x10  
  127  21:28  Observer (Chrono Boost)  
Tags
 
Add a new tag
Caveats
  • Supply blocks, unpowered buildings, or Contaminate may cause inaccurate times.
  • Supply counts are checked every 10 seconds.